 Dungeon Crawl Stone Soup version 0.30-a0-234-g97d66968fd (webtiles) character file.

Game seed: 11280642274006288897

340 qw the Chopper (level 6, -2/38 HPs)
             Began as a Gargoyle Fighter on Oct 9, 2022.
             Slain by a wight
             ... wielding a +3 flail
              (5 damage)
             ... on level 6 of the Dungeon.
             The game lasted 00:01:09 (3070 turns).

qw the Chopper (Gargoyle Fighter)                   Turns: 3070, Time: 00:01:10

Health: -2/38      AC: 13    Str: 21    XL:     6   Next: 56%
Magic:  6/6        EV:  7    Int:  9    God:
Gold:   99         SH:  4    Dex:  9    Spells: 5/5 levels left

rFire   + . .      SeeInvis .    p - +1 hand axe (vamp)
rCold   . . .      Faith    .    c - +0 buckler
rNeg    + . .      Spirit   .    n - +0 chain mail
rPois   inf        Reflect  .    (no helmet)
rElec   +          Harm     .    (no cloak)
rCorr   .          Rampage  .    (no gloves)
Will    .....                    (no boots)
Stlth   ..........               (no amulet)
HPRegen 0.26/turn                e - ring of protection from fire
MPRegen 0.10/turn                (no ring)

@: about to teleport, marked
A: sickness immunity, AC +4, negative energy resistance 1, electricity
resistance, torment resistance 1, petrification resistance
a: no special abilities


You were on level 6 of the Dungeon.
You visited 1 branch of the dungeon, and saw 5 of its levels.

You collected 171 gold pieces.
You spent 72 gold pieces at shops.


Innate Abilities, Weirdness & Mutations

You are immune to sickness and miasma.
Your stone body is resilient. (AC +4)
You are immune to poison.
You resist negative energy. (rN+)
You are resistant to electric shocks. (rElec)
You are resistant to unholy torment.
You are immune to petrification.


   Skills:
 - Level 4.1 Fighting
 + Level 5.6 Axes
 - Level 1.0 Throwing
 - Level 3.2 Armour
 - Level 3.2 Shields


You had 5 spell levels left.
You didn't know any spells.
Your spell library was empty.

Inventory:

Hand Weapons
 o - a +0 flail
 p - a +1 vampiric hand axe (weapon)
 Y - a +0 war axe
Armour
 c - a +0 buckler (worn)
 n - a +0 chain mail (worn)
Jewellery
 e - a ring of protection from fire (left hand)
Scrolls
 b - a scroll of noise {unknown}
 j - a scroll of teleportation
 k - a scroll of butterflies {unknown}
 r - a scroll of enchant weapon {unknown}
 s - a scroll of poison {unknown}
 t - a scroll of identify
Potions
 a - a potion of brilliance {unknown}
 d - a potion of might
 f - a potion of heal wounds {unknown}
 g - a potion of attraction
 h - a potion of haste
 i - a potion of curing
 m - a potion of berserk rage {unknown}
 q - a potion of ambrosia {unknown}

Dungeon Overview and Level Annotations

Branches:
Dungeon (4/15)
 Temple: D:4-7

Altars:
Kikubaaqudgha
Qazlal

Shops:
D:1 ([(   D:3 *

Annotations:
D:1 1 transporter
D:2 1 runed translucent door, Crazy Yiuf


Message History

The scorpion is severely wounded.
You hit the wight.
The wight hits you with a +2 great sword!
A wight comes into view. It is wielding a +0 war axe.
The scorpion stings you but does no damage.
You hit the scorpion but do no damage.
The scorpion is severely wounded.
You hit the wight. You barely miss the wight.
The scorpion stings you but does no damage.
The wight hits you with a +2 great sword.
The wight hits you with a +3 flail!
A hound comes into view.
You closely miss the scorpion.
The scorpion is severely wounded.
You hit the wight. x2; You hit the hound but do no damage.
The hound barely misses you. The scorpion barely misses you.
You block the wight's attack. The wight hits you with a +3 flail.
The hound barely misses you.
You barely miss the scorpion.
The scorpion is severely wounded.
You hit the wight. You miss the hound. You hit the wight but do no damage. x2
The scorpion stings you but does no damage.
The hound bites you but does no damage. The wight hits you with a +3 scimitar.
The wight barely misses you. x2
A wight comes into view. It is wielding a +0 long sword.
The scorpion barely misses you.
3069 ||| READING 2 scrolls of teleportation.
As you read the scroll of teleportation, it crumbles to dust.
You feel strangely unstable. The hound bites you but does no damage.
You block the wight's attack.
The wight hits you with a +2 great sword.
The scorpion stings you but does no damage.
The hound completely misses you.
You slash the scorpion!
You feel better.
You kill the scorpion!
You hit the wight but do no damage. You hit the wight.
You closely miss the hound. You hit the wight. The hound bites you.
The wight closely misses you. The wight hits you with a +3 flail.
You die...

#.# # ###.#
..######...#
.........###
.........#
.........########
.................
.......h#########
.......z@zh.....
........%z......
........z..####.
########....#
#z....# .......#
#...##... ##+##
(.>


You could see 2 hounds and 5 wights.

Vanquished Creatures
  A scorpion (D:6)
  2 hounds (D:4)
  A jelly (D:4)
  An orc priest (D:4)
  Jessica (D:2)
  Terence (D:2)
  An orc wizard (D:4)
  5 adders
  An ufetubus (D:6)
  2 worms (D:2)
  2 dart slugs
  9 orcs
  5 endoplasms
  3 giant cockroaches
  5 goblins
  2 hobgoblins
  6 jackals
  4 quokkas
  9 ball pythons
  4 bats
  5 frilled lizards
  6 kobolds
  5 rats
81 creatures vanquished.

Vanquished Creatures (others)
  3 withered plants (D:3)
3 creatures vanquished.

Grand Total: 84 creatures vanquished

Notes
Turn   | Place    | Note
-------+----------+-------------------------------------------
     0 | D:1      | qw the Gargoyle Fighter began the quest for the Orb.
     0 | D:1      | Reached XP level 1. HP: 14/14 MP: 1/1
     0 | D:1      | 0 ||| qw: Version: 0.2-a-17-g06abaee
     0 | D:1      | 0 ||| qw: Game counter: 2321
     0 | D:1      | 0 ||| qw: Always use a shield: true
     0 | D:1      | 0 ||| qw: God list: Okawaru
     0 | D:1      | 0 ||| qw: Allow faded altars: false
     0 | D:1      | 0 ||| qw: Do Orc after D:15 true
     0 | D:1      | 0 ||| qw: Do second Lair branch before Depths: true
     0 | D:1      | 0 ||| qw: Lair rune preference: random
     0 | D:1      | 0 ||| qw: Plans: Normal, Zot:1-4, God:TSO, Crypt, Tomb,
                  | Pan, Slime:5, Hells, Abyss, Orb
     0 | D:1      | 0 ||| PLANNING D:1-11
    18 | D:1      | Found Diruol's Antique Armour Shoppe.
    26 | D:1      | 26 ||| SHOPLISTING embroidered cloak (165 gold, have 0).
    26 | D:1      | 26 ||| SHOPLISTING fading plate armour (616 gold, have 0).
    26 | D:1      | 26 ||| SHOPLISTING pair of scorched boots (209 gold, have
                  | 0).
    26 | D:1      | 26 ||| SHOPLISTING smoking chain mail (209 gold, have 0).
   125 | D:1      | Reached skill level 2 in Axes
   130 | D:1      | Found Rulonicwi's Weapon Shop.
   191 | D:1      | Reached XP level 2. HP: 19/19 MP: 2/2
   251 | D:1      | 251 ||| Stepping ~*~*~tactically~*~*~ (stealth).
   469 | D:1      | Found Rusud's Weapon Emporium.
   483 | D:1      | 483 ||| SHOPLISTING +2 hand axe of flaming (208 gold, have
                  | 52).
   483 | D:1      | 483 ||| UPGRADING to ring of protection from fire.
   505 | D:2      | 505 ||| STAIRDANCE
   516 | D:2      | Reached skill level 3 in Axes
   517 | D:2      | 517 ||| STAIRDANCE
   562 | D:2      | Reached XP level 3. HP: 23/23 MP: 3/3
   578 | D:2      | Reached skill level 1 in Throwing
   578 | D:2      | 578 ||| Stepping ~*~*~tactically~*~*~ (stealth).
   713 | D:2      | 713 ||| DROPPING +0 mace.
   715 | D:2      | Found a runed translucent door.
   717 | D:2      | 717 ||| DROPPING +0 vorpal hammer.
   873 | D:2      | Noticed Terence
   880 | D:2      | Killed Terence
   881 | D:2      | Reached XP level 4. HP: 28/28 MP: 4/4
   881 | D:2      | 881 ||| DROPPING +1 hammer of holy wrath.
   981 | D:2      | Found a faded altar of an unknown god.
  1022 | D:2      | 1022 ||| Stepping ~*~*~tactically~*~*~ (hiding).
  1076 | D:2      | Noticed Jessica
  1077 | D:2      | 1077 ||| Stepping ~*~*~tactically~*~*~ (stealth).
  1082 | D:2      | Reached skill level 4 in Axes
  1084 | D:2      | Killed Jessica
  1086 | D:2      | Reached XP level 5. HP: 19/32 MP: 5/5
  1631 | D:2      | Noticed Crazy Yiuf
  1634 | D:2      | 1634 ||| UPGRADING to +0 chain mail.
  1644 | D:2      | 1644 ||| DROPPING +0 scale mail.
  1645 | D:2      | 1645 ||| READING scroll labelled TYLANW YHITHRO.
  1646 | D:2      | 1646 ||| READING 2 scrolls labelled KEUCHU BAVU.
  1705 | D:2      | 1705 ||| READING scroll labelled WIEHOTTE SODI.
  1706 | D:2      | 1706 ||| READING scroll labelled MEXI QUKEPEECEJ.
  1707 | D:2      | 1707 ||| DRINKING 2 dark potions.
  1708 | D:2      | 1708 ||| DRINKING 2 puce potions.
  1736 | D:3      | Found a stormy altar of Qazlal.
  1773 | D:3      | 1773 ||| Stepping ~*~*~tactically~*~*~ (stealth).
  1782 | D:3      | 1782 ||| Stepping ~*~*~tactically~*~*~ (stealth).
  1906 | D:3      | 1906 ||| Stepping ~*~*~tactically~*~*~ (stealth).
  1928 | D:3      | Found Etuvoe's General Store.
  1936 | D:3      | 1936 ||| BUYING potion of curing (36 gold).
  1936 | D:3      | Bought a potion of curing for 36 gold pieces
  1936 | D:3      | 1936 ||| SHOPLISTING potion of mutation (96 gold, have 65).
  1936 | D:3      | 1936 ||| BUYING scroll of teleportation (36 gold).
  1936 | D:3      | Bought a scroll of teleportation for 36 gold pieces
  2206 | D:3      | Found an ancient bone altar of Kikubaaqudgha.
  2213 | D:3      | 2213 ||| Stepping ~*~*~tactically~*~*~ (stealth).
  2291 | D:3      | 2291 ||| Stepping ~*~*~tactically~*~*~ (stealth).
  2292 | D:3      | 2292 ||| Stepping ~*~*~tactically~*~*~ (stealth).
  2381 | D:3      | 2381 ||| Stepping ~*~*~tactically~*~*~ (stealth).
  2485 | D:3      | 2485 ||| DROPPING amulet of magic regeneration.
  2486 | D:3      | 2486 ||| DROPPING amulet of faith.
  2487 | D:3      | 2487 ||| DROPPING ring of magical power.
  2488 | D:3      | 2488 ||| READING scroll labelled TOIVEU ROIBEU.
  2489 | D:3      | 2489 ||| READING scroll labelled JOYM JIT GEUS.
  2511 | D:4      | Reached skill level 5 in Axes
  2536 | D:4      | 2536 ||| Stepping ~*~*~tactically~*~*~ (stealth).
  2619 | D:4      | 2619 ||| Stepping ~*~*~tactically~*~*~ (hiding).
  2693 | D:4      | 2693 ||| Stepping ~*~*~tactically~*~*~ (stealth).
  2695 | D:4      | 2695 ||| Stepping ~*~*~tactically~*~*~ (stealth).
  2733 | D:4      | Reached XP level 6. HP: 32/38 MP: 6/6
  2888 | D:4      | 2888 ||| DRINKING 3 potions of curing.
  2888 | D:4      | 2888 ||| (to cure confusion)
  2889 | D:4      | 2889 ||| Stepping ~*~*~tactically~*~*~ (stealth).
  2891 | D:4      | 2891 ||| Stepping ~*~*~tactically~*~*~ (stealth).
  2898 | D:4      | 2898 ||| DRINKING 2 potions of curing.
  2898 | D:4      | 2898 ||| (to cure confusion)
  2934 | D:4      | 2934 ||| SWAPPING to +1 vampiric hand axe.
  3027 | D:4      | You fall into a shaft and drop 2 floors!
  3028 | D:6      | 3028 ||| PLANNING SEWER
  3068 | D:6      | HP: 4/38 [wight/+3 scimitar (6)]
  3069 | D:6      | 3069 ||| READING 2 scrolls of teleportation.
  3069 | D:6      | HP: 1/38 [wight/+2 great sword (4)]
  3070 | D:6      | Slain by a wight

Levels and vault maps discovered:
D:1:      spicycebolla_arrival_risky_transporter, layout_basic, serial_shops,
          nicolae_shop_bloodbath_and_beyond, nicolae_shop_hallway_plus,
          nicolae_lakefront_shop
D:2:      layout_basic, dreamdust_ecumenical_altar_angels_and_demons,
          minmay_fountain_box, uniq_terence, uniq_crazy_yiuf_cottage,
          uniq_jessica
D:3:      layout_loops_ring, kiku_gazebo_garden_becter, lemuel_tele_altar,
          serial_shops, nicolae_shop_stone, minmay_misc_feat_doors
D:4:      layout_basic
D:6:      layout_basic, minmay_temple_entry_gardened_gates,
          gup_sewer_entry_bubbles, uniq_blork_the_orc, uniq_duvessa

Skill      XL: |  1  2  3  4  5 |
---------------+----------------+-----
Axes           | 2 3 4 5 |  5.6
Throwing       | 1 |  1.0
Fighting       | 4 |  4.1
Armour         | |  3.2
Shields        | |  3.2

Action                   |  1- 3 |  4- 6 || total
-------------------------+-------+-------++-------
Melee: War axe           |    48 |   131 ||   179
       Hand axe          |       |    13 ||    13
Throw: Javelin           |    21 |    33 ||    54
  Use: Scroll            |       |     7 ||     7
       Potion            |       |     4 ||     4
Armor: Scale mail        |    20 |    13 ||    33
       Chain mail        |       |    65 ||    65
Dodge: Dodged            |    26 |    65 ||    91
Block: Buckler           |    10 |    25 ||    35

Table legend:
 A = Non-vault XP
 B = Vault XP
 C = Vault XP percentage of total XP
 D = Non-vault monster count
 E = Vault monster count
 F = Vault count percentage of total count
                 A         B        C        D         E       F
            +---------+---------+-------+---------+---------+-------
      Total |     501 |      73 |  12.7 |      79 |       2 |   2.5
            +---------+---------+-------+---------+---------+-------
        D:1 |      27 |       0 |   0.0 |      18 |       0 |   0.0
        D:2 |      82 |      73 |  47.1 |      23 |       2 |   8.0
        D:3 |      56 |       0 |   0.0 |      17 |       0 |   0.0
        D:4 |     241 |       0 |   0.0 |      19 |       0 |   0.0
        D:6 |      95 |       0 |   0.0 |       2 |       0 |   0.0
            +---------+---------+-------+---------+---------+-------
